Map: Goldenaura LE

Players

SubN

  • Race: Zerg Zerg
  • League: Diamond
  • Spawn Location: 12:00

ZoneZero - Winner!

  • Race: Protoss Protoss
  • League: Diamond
  • Spawn Location: 5:00

VOD

Have the link to the VOD?

Description

Time

  • Played on: Nov. 18, 2023, 4:53 p.m.
  • Length: 7:09
Show
View Real Time Build Order
Export as new Build Order

SubN Zerg 

Build Orders: Hatch First 

Get SALT Encoding   

  12  0:00  Drone  
  13  0:12  Overlord  
  13  0:16  Drone  
  14  0:30  Drone x2  
  16  0:49  Hatchery  
  15  0:52  Drone  
  15  0:55  Drone  
  17  0:59  Drone  
  17  1:04  Extractor  
  17  1:17  Spawning Pool  
  16  1:19  Drone  
  16  1:21  Drone  
  18  1:28  Drone  
  19  1:38  Drone  
  20  1:50  Overlord  
  20  2:04  Queen x2  
  20  2:06  Metabolic Boost  
  25  2:08  Zergling x2  
  25  2:10  Zergling x2  
  25  2:14  Zergling x2  
  27  2:18  Drone  
  27  2:21  Drone  
  29  2:26  Drone  
  30  2:33  Drone  
  31  2:39  Drone  
  32  2:55  Queen  
  34  2:59  Queen  
  34  3:05  Roach Warren, Overlord  
  35  3:07  Overlord  
  35  3:13  Drone  
  35  3:19  Spine Crawler  
  35  3:20  Drone  
  35  3:23  Drone x3  
  39  3:30  Overlord  
  41  3:48  Roach  
  41  3:49  Roach x2  
  42  4:15  Queen x2  
  46  4:21  Spore Crawler x2  
  46  4:23  Spore Crawler  
  39  4:25  Spore Crawler x2  
  39  4:26  Drone x2  
  39  4:27  Spore Crawler  
  36  4:35  Drone x3  
  39  4:41  Extractor  
  38  4:46  Drone x3  
  38  4:51  Queen  
  45  4:53  Drone x3  
  45  4:55  Lair  
  46  5:04  Extractor  
  43  5:16  Drone x3  
  46  5:27  Queen  
  48  5:43  Drone  
  48  5:44  Drone x5  
  48  5:47  Drone x3  
  57  6:01  Overlord x2  
  57  6:02  Queen  
  59  6:27  Spire  
  59  6:28  Drone  
Show
View Real Time Build Order
Export as new Build Order

ZoneZero Protoss - Winner!

Build Orders:  

Get SALT Encoding   

  12  0:02  Probe  
  13  0:22  Pylon  
  13  0:25  Probe  
  14  0:37  Probe (Chrono Boost)  
  14  0:42  Forge  
  16  0:50  Probe (Chrono Boost)  
  16  0:55  Gateway  
  16  0:58  Probe (Chrono Boost)  
  17  1:04  Assimilator  
  17  1:14  Probe  
  18  1:20  Assimilator  
  18  1:26  Probe  
  19  1:37  Photon Cannon  
  19  1:38  Probe  
  20  1:43  Cybernetics Core  
  20  1:50  Probe  
  21  1:58  Pylon  
  21  2:04  Probe  
  22  2:16  Probe  
  22  2:20  Stargate  
  23  2:24  Photon Cannon  
  23  2:30  Shield Battery  
  23  2:58  Pylon  
  23  3:04  Fleet Beacon  
  27  3:14  Void Ray (Chrono Boost)  
  27  3:22  Photon Cannon  
  27  3:29  Shield Battery  
  27  3:46  Tempest (Chrono Boost)  
  32  4:13  Nexus  
  32  4:31  Tempest (Chrono Boost)  
  37  4:39  Shield Battery  
  37  4:45  Photon Cannon  
  37  4:57  Pylon  
  37  5:17  Shield Battery  
  37  5:23  Tempest  
  37  5:24  Photon Cannon  
  42  5:47  Probe  
  43  5:59  Probe  
  44  6:06  Tempest  
  49  6:11  Probe  
  50  6:24  Probe (Chrono Boost)  
  51  6:36  Probe (Chrono Boost)  
  52  6:41  Probe (Chrono Boost), Nexus  
  53  6:50  Probe  
  53  6:51  Pylon  
  59  6:58  Unknown  
  59  7:08  Pylon  
Tags
 
Add a new tag
Caveats
  • Supply blocks, unpowered buildings, or Contaminate may cause inaccurate times.
  • Supply counts are checked every 10 seconds.